[Event "19th Rochefort Chess Festival - Masters"]
[Site "Rochefort, France"]
[Date "2020.02.22"]
[Round "1.1"]
[White "Van Den Doel, Erik"]
[Black "Bailleul, Adrien"]
[Result "1-0"]
[TimeControl "1h30/40 - 30' + [30'']"]
[WhiteElo "2583"]
[BlackElo "2061"]

1. d4 Nf6 2. Nf3 c5 3. c3 d5 4. dxc5 e6 5. Be3 Nbd7 6. b4 a5 7. Nbd2 axb4 8. cxb4 e5 9. Bg5 Be7 10.
e3 O-O 11. Be2 e4 12. Nd4 Ne5 13. O-O b6 14. N2b3 bxc5 15. Nxc5 Bxc5 16. bxc5 Ba6 17. a4 Bxe2 18. Qxe2 Nd3 19.
c6 Qd6 20. Rfb1 Rfb8 21. Rxb8+ Rxb8 22. a5 Rb2 23. Qxb2 Nxb2 24. a6 1-0

[Event "19th Rochefort Chess Festival - Masters"]
[Site "Rochefort, France"]
[Date "2020.02.22"]
[Round "1.5"]
[White "Korneev, Oleg"]
[Black "Mota, Pankit"]
[Result "1-0"]
[TimeControl "1h30/40 - 30' + [30'']"]
[WhiteElo "2505"]
[BlackElo "2048"]

1. e4 e6 2. d4 d5 3. Nd2 Nf6 4. e5 Nfd7 5. Bd3 c5 6. c3 Nc6 7. Ne2 cxd4 8. cxd4 f6 9. exf6 Nxf6 10.
O-O Bd6 11. Nf3 Qc7 12. Bg5 O-O 13. Rc1 h6 14. Bh4 a6 15. Bg3 Nh5 16. Bxd6 Qxd6 17. Ng3 Nf4 18. Bb1 Rf6 19. Re1 Bd7 20.
Ne5 Raf8 21. Ng4 Qb4 22. Nxf6+ Rxf6 23. b3 Nxd4 24. Kh1 Qb6 25. Nh5 Nxh5 26. Qxh5 Rxf2 27. Rf1 Nf5 28. Bxf5 Rxf1+ 29. Rxf1 exf5 30. Qf3 Qe6 31. h3 Bc6 32. Qxf5 Qe2 33. Qf8+ Kh7 34. Qf2 Qe7 35. Kh2 Qd6+ 36. Qf4 Qc5 37.
Qf5+ Kg8 38. Qe6+ Kh7 39. Qe5 Qc2 40. Qf5+ Qxf5 41. Rxf5 Kg6 42. g4 a5 43. Kg3 d4 44. Rxa5 Kf6 45.
h4 g6 46. Kf4 Ke6 47. g5 hxg5+ 48. Rxg5 Kf6 49. Rc5 1-0

[Event "19th Rochefort Chess Festival - Masters"]
[Site "Rochefort, France"]
[Date "2020.02.22"]
[Round "1.3"]
[White "Burmakin, Vladimir"]
[Black "Derieux, Christian"]
[Result "1-0"]
[TimeControl "1h30/40 - 30' + [30'']"]
[WhiteElo "2514"]
[BlackElo "2053"]

1. Nf3 g6 2. d4 Bg7 3. g3 b5 4. Bg2 Bb7 5. Qd3 c5 6. Qxb5 Bc6 7. Qxc5 Na6 8. Qa3 Qb6 9. c3 Nh6 10.
O-O Nc7 11. Nbd2 a5 12. Qb3 Qa6 13. Qc4 Bb5 14. Qxc7 d6 15. c4 Ba4 16. c5 1-0

[Event "19th Rochefort Chess Festival - Masters"]
[Site "Rochefort, France"]
[Date "2020.02.22"]
[Round "1.4"]
[White "Mas, Victor"]
[Black "Maiorov, Nikita"]
[Result "0-1"]
[TimeControl "1h30/40 - 30' + [30'']"]
[WhiteElo "2049"]
[BlackElo "2506"]

1. d4 Nf6 2. Nf3 e6 3. c4 b6 4. g3 Bb7 5. Bg2 Bb4+ 6. Nbd2 O-O 7. O-O d5 8. Ne5 Be7 9. b3 a5 10.
a3 c5 11. e3 cxd4 12. exd4 Ra7 13. Bb2 Nbd7 14. Re1 Qa8 15. Qe2 a4 16. Nxd7 Nxd7 17. b4 dxc4 18. Bxb7 Qxb7 19. Nxc4 b5 20.
Ne3 Nf6 21. Rad1 Nd5 22. Qh5 Rd8 23. Rc1 h6 24. Ng4 Bf8 25. Rc2 Rc8 26. Rce2 Qe7 27. Bc1 Rac7 28. Bf4 Nxf4 29. gxf4 Qd7 30.
Ne3 g6 31. Qg4 Qxd4 32. h4 h5 33. Qg5 Qd3 34. Nf1 Qxa3 35. Ng3 Be7 36. Qh6 Bf8 37. Qg5 Qf3 38. Re3 Qg4 39. Qxb5 a3 40.
Rxa3 Qxf4 41. Rae3 Qxb4 42. Qf1 Qxh4 43. Re4 Qf6 44. Qg2 Rc5 45. R1e3 h4 46. Ne2 Rg5 47. Rg4 Rcc5 48. Ree4 Bd6 49. Qh3 Rce5 50. Rxe5 Qxe5 51.
Qxh4 Rh5 52. Qd8+ Kg7 53. Ng3 Qe1+ 54. Kg2 Bxg3 0-1

[Event "19th Rochefort Chess Festival - Masters"]
[Site "Rochefort, France"]
[Date "2020.02.22"]
[Round "1.2"]
[White "Coste, Thierry"]
[Black "Vorobiov, Evgeny E."]
[Result "0-1"]
[TimeControl "1h30/40 - 30' + [30'']"]
[WhiteElo "2056"]
[BlackElo "2520"]

1. Nf3 g6 2. d4 Nf6 3. Nc3 d5 4. Bf4 Bg7 5. e3 O-O 6. Be2 c5 7. Ne5 cxd4 8. exd4 Nc6 9. O-O Bf5 10.
Nxc6 bxc6 11. Na4 Nd7 12. g4 Be6 13. c3 f5 14. g5 Bf7 15. Bg3 e5 16. dxe5 Nxe5 17. f4 Nd7 18. Bf2 Re8 19.
Bf3 Qc7 20. Qd2 Qa5 21. b3 Rad8 22. Rfd1 Nb6 23. Bd4 Nxa4 24. Bxg7 Kxg7 25. Qd4+ Kg8 26. bxa4 c5 27. Qd2 Qxa4 28.
Rab1 d4 0-1



[ePGN "0.1;DGT LiveChess/2.2.5"]

[Event "19th Rochefort Chess Festival - Masters"]
[Site "Rochefort, France"]
[Date "2020.02.23"]
[Round "2.5"]
[White "Maiorov, Nikita"]
[Black "Jeet, Jain"]
[Result "1-0"]
[TimeControl "1h30/40 - 30' + [30'']"]
[WhiteElo "2506"]
[BlackElo "2223"]

1. d4 d5 2. c4 e6 3. Nf3 Nf6 4. e3 b6 5. Bd3 Bb7 6. O-O Bd6 7. b3 O-O 8. Nc3 c5 9. Bb2 a6 10.
cxd5 exd5 11. Rc1 Nbd7 12. Qe2 Qe7 13. Rfd1 Ne4 14. Qf1 b5 15. dxc5 Ndxc5 16. Bb1 Nxc3 17. Bxc3 Ne4 18. Bd4 Ba3 19.
Rc2 Rac8 20. Qd3 Rxc2 21. Bxc2 Rc8 22. Ne1 g6 23. Bb1 Bd6 24. Nf3 b4 25. Bb2 Nc3 26. Re1 Qe4 27. Qf1 Nxb1 28.
Rxb1 Qe8 29. Qd1 Qe4 30. Ra1 Rc2 31. Bd4 Rc8 32. Ne1 Bc6 33. Qd2 Bb5 34. Rd1 Bf8 35. Ba1 Bg7 36. Bxg7 Kxg7 37.
Qb2+ f6 38. Rd4 Qe7 39. Rxd5 Qc7 40. Qd2 Qc3 41. f3 Qxd2 42. Rxd2 Rc1 43. Kf2 Ra1 44. e4 Kf7 45. g3 a5 46.
Rb2 f5 47. e5 Ke6 48. f4 Bc6 49. Nf3 Bd5 50. Rd2 h6 51. Nd4+ Ke7 52. Nxf5+ gxf5 53. Rxd5 Rxa2+ 54. Ke3 Rxh2 55.
Rxa5 Rb2 56. Ra7+ Ke8 57. Kd4 Rxb3 58. e6 Rxg3 59. Ke5 Ra3 60. Rb7 Re3+ 61. Kf6 Kd8 62. Rxb4 Kc7 63. Rd4 1-0

[Event "19th Rochefort Chess Festival - Masters"]
[Site "Rochefort, France"]
[Date "2020.02.23"]
[Round "2.4"]
[White "Dalaud, Dorian"]
[Black "Burmakin, Vladimir"]
[Result "0-1"]
[TimeControl "1h30/40 - 30' + [30'']"]
[WhiteElo "2236"]
[BlackElo "2514"]

1. c4 c6 2. Nf3 Nf6 3. Nc3 d5 4. e3 g6 5. d4 Bg7 6. Bd3 O-O 7. O-O Be6 8. cxd5 Nxd5 9. e4 Nb6 10.
Be3 Bc4 11. Qe2 Bxd3 12. Qxd3 Na6 13. Rad1 Qd6 14. h4 Rad8 15. Qe2 Qe6 16. h5 Qg4 17. h6 Bh8 18. Qc2 Nc7 19. Ne5 Qh5 20. Qb3 Ne6 21. Nxf7 Kxf7 22.
f4 Qxh6 23. Rf3 Qh5 24. f5 Ke8 25. Qxe6 Rd6 26. Qb3 gxf5 27. Rxf5 Rxf5 28. exf5 Qg4 29. d5 Bxc3 30. Bxb6 axb6 31.
bxc3 b5 32. f6 Qe2 33. Rf1 Qe3+ 34. Rf2 Rxf6 0-1

[Event "19th Rochefort Chess Festival - Masters"]
[Site "Rochefort, France"]
[Date "2020.02.23"]
[Round "2.1"]
[White "Gareyev, Timur"]
[Black "Parnali, S Dharia"]
[Result "1-0"]
[TimeControl "1h30/40 - 30' + [30'']"]
[WhiteElo "2607"]
[BlackElo "2275"]

1. Nf3 Nf6 2. g3 c5 3. Bg2 Nc6 4. O-O e5 5. c4 d5 6. cxd5 Nxd5 7. Nc3 Nc7 8. d3 Be7 9. Nd2 Bd7 10.
Nc4 f6 11. f4 b5 12. Ne3 exf4 13. Nf5 b4 14. Nxe7 Qxe7 15. Ne4 fxg3 16. Bf4 gxh2+ 17. Kh1 Ne5 18. Rc1 O-O 19. d4 Ng4 20. Bxc7 Bc6 21. Qb3+ Kh8 22.
Bd6 Qb7 23. Bxf8 Rxf8 24. Qf3 h5 25. Rxc5 g6 26. Qf4 Qd7 27. d5 Bxd5 28. Rd1 g5 29. Qg3 Rc8 30. Rdxd5 Rxc5 31. Nxc5 1-0

[Event "19th Rochefort Chess Festival - Masters"]
[Site "Rochefort, France"]
[Date "2020.02.23"]
[Round "2.3"]
[White "Vorobiov, Evgeny E."]
[Black "Doyen, Remi"]
[Result "1/2-1/2"]
[TimeControl "1h30/40 - 30' + [30'']"]
[WhiteElo "2520"]
[BlackElo "2242"]

1. d4 d5 2. c4 e6 3. Nf3 a6 4. e3 Nf6 5. Nc3 dxc4 6. Bxc4 b5 7. Bb3 Bb7 8. O-O Nbd7 9. e4 b4 10.
e5 bxc3 11. exf6 Qxf6 12. bxc3 Bd6 13. Ba4 Bxf3 14. Qxf3 Qxf3 15. gxf3 Ke7 16. Rb1 Rab8 17. Be3 Rxb1 18. Rxb1 Rb8 19.
Rxb8 Nxb8 20. c4 Bb4 21. Kf1 Nd7 22. Ke2 c5 23. Bc6 Kd6 24. Bb7 a5 25. Ba6 Bc3 26. dxc5+ Nxc5 27. Bb5 e5 28.
Be8 f6 29. f4 exf4 30. Bxf4+ Be5 31. Bd2 Nb7 32. f4 Bd4 33. Bf7 Kc5 34. Bd5 Nd6 35. Kd3 Bg1 36. Bxa5 Bxh2 37. a3 Nc8 38.
Bb4+ Kb6 39. c5+ Kc7 40. Ba5+ Kd7 41. Bd2 h6 42. f5 Ne7 43. Be4 g6 44. fxg6 f5 45. Bh1 Nxg6 46. Bxh6 Kc7 47.
a4 f4 48. Ke4 Bg1 49. Kf5 Ne7+ 50. Ke6 Bxc5 51. Bxf4+ Kb6 52. Bf3 Nc8 53. Kd7 Ka5 54. Kc6 Bf2 55. Bd1 Nb6 56. Bd2+ Ka6 57.
a5 Ka7 58. Be2 Bg1 59. Bg5 Bf2 60. Bb5 Bg1 61. Bd8 Na8 62. Bf6 Bf2 63. Be5 Bg1 64. Kd7 Bf2 65. Kc8 Nb6+ 66. Kd8 Bg1 67.
Bg3 Be3 68. Kc7 Na8 69. Kc8 Nb6+ 70. axb6+ Kxb6 1/2-1/2

[Event "19th Rochefort Chess Festival - Masters"]
[Site "Rochefort, France"]
[Date "2020.02.23"]
[Round "2.2"]
[White "Sahil, Tickoo"]
[Black "Van Den Doel, Erik"]
[Result "0-1"]
[TimeControl "1h30/40 - 30' + [30'']"]
[WhiteElo "2275"]
[BlackElo "2583"]

1. d4 d5 2. Bf4 Nf6 3. e3 Bg4 4. Nf3 e6 5. Nbd2 Be7 6. Bd3 O-O 7. c3 c5 8. Qb1 Nc6 9. Ne5 Bh5 10.
Bg5 cxd4 11. Nxc6 bxc6 12. exd4 h6 13. Bf4 c5 14. dxc5 Bxc5 15. O-O Re8 16. Nb3 Bd6 17. Bxd6 Qxd6 18.
f4 Rab8 19. Nd4 Qb6 20. b4 Rbc8 21. Qb2 Bg6 22.
Bxg6 fxg6 23. Rad1 Ne4 24. Kh1 Rxc3 25. Rf3 Rec8 26. h3 Rxf3 27. gxf3 Ng3+ 28. Kh2 Nh5 29. Qd2 Rf8 30. Re1 Rxf4 31.
Nxe6 Rxf3 32. Qd4 Rf2+ 33. Kg1 Rxa2 34. Qxb6 axb6 35. Rd1 Rb2 36. Rxd5 Rxb4 37. Rd7 Re4 38. Rd6 Kf7 39. Nc7 Nf4 40.
Rd7+ Re7 0-1



[ePGN "0.1;DGT LiveChess/2.2.5"]

[Event "19th Rochefort Chess Festival - Masters"]
[Site "Rochefort, France"]
[Date "2020.02.23"]
[Round "3.5"]
[White "Bogdanov, Egor"]
[Black "Le Goff, Ronan"]
[Result "1/2-1/2"]
[TimeControl "1h30/40 - 30' + [30'']"]
[WhiteElo "2433"]
[BlackElo "2281"]

1. e4 e5 2. d4 exd4 3. Nf3 Nc6 4. c3 Nf6 5. e5 Nd5 6. cxd4 Bb4+ 7. Nbd2 d6 8. Bb5 Nde7 9. O-O dxe5 10.
dxe5 Bxd2 11. Bxd2 Bg4 12. Bg5 Qxd1 13. Rfxd1 a6 14. Ba4 O-O 15. Rac1 Rac8 16. h3 Bxf3 17. gxf3 Ng6 18. Bxc6 bxc6 19.
Rxc6 Nxe5 20. Rc3 f6 21. Bf4 Rf7 22. Bxe5 fxe5 23. Rd5 Rb8 24. b3 Rbf8 25. Rxe5 Rxf3 26. Rxf3 Rxf3 27. Kg2 Rc3 28.
Re6 a5 29. Re5 a4 30. bxa4 Ra3 31. a5 Rxa2 32. Rc5 Ra3 33. h4 c6 34. h5 Kf7 35. f3 Ke7 36. Kg3 g6 37. hxg6 hxg6 38.
Kf4 Kd6 39. Rg5 Ke7 40. Kg4 Kf6 41. f4 Kf7 42. Rc5 Ra1 43. Kf3 Ra4 44. Ke3 Ke7 45. Rxc6 Ra3+ 46. Ke4 Ra4+ 47. Kf3 Rxa5 48.
Rxg6 Kf7 49. Rb6 Rc5 50. Kg4 Ra5 51. Rb4 Kf6 52. f5 Ra1 53. Rb6+ Kf7 54. Kg5 Rg1+ 1/2-1/2

[Event "19th Rochefort Chess Festival - Masters"]
[Site "Rochefort, France"]
[Date "2020.02.23"]
[Round "3.1"]
[White "Shirazi, Kamran"]
[Black "Gareyev, Timur"]
[Result "0-1"]
[TimeControl "1h30/40 - 30' + [30'']"]
[WhiteElo "2362"]
[BlackElo "2607"]

1. e4 e5 2. Nf3 Nc6 3. Bb5 a6 4. Ba4 d6 5. c3 Nf6 6. d4 Bd7 7. O-O g6 8. Re1 Bg7 9. Bxc6 Bxc6 10.
dxe5 Nxe4 11. exd6 O-O 12. Nd4 Qxd6 13. Nxc6 Qxc6 14. Nd2 Rad8 15. Qc2 Nxc3 16. Nb3 Rfe8 17. Bg5 Rd5 18. h4 h6 19.
Bxh6 Rxe1+ 20. Rxe1 Bxh6 21. bxc3 b5 22. Re4 Bg7 23. c4 Rd8 24. Qe2 b4 25. h5 gxh5 26. Rh4 Re8 27. Qxh5 Re1+ 28.
Kh2 Qg6 29. Qxg6 fxg6 30. c5 Bc3 31. Rc4 Re2 32. a3 Rc2 33. Nd4 b3 34. Nxc2 b2 35. Rxc3 b1=Q 36. Nb4 a5 37. Nd5 Kg7 38.
Nf4 Qe4 39. g3 Qe1 40. Rf3 Kh6 41. Nd3 Qc3 42. a4 Qc4 43. Ne5 Qxc5 44. Re3 Qd4 45. f4 Kg7 46. Ng4 Qd1 47. Kh3 Qf1+ 48.
Kh2 Qd1 49. Kh3 Qh1+ 50. Nh2 c5 51. Rc3 Qd5 52. Nf3 Qd1 53. g4 Qxa4 54. Kg3 Qb4 55. Re3 c4 56. Re6 Qb3 57. f5 gxf5 58.
gxf5 c3 59. Rg6+ Kf8 60. Rc6 c2 61. f6 Qb8+ 62. Kg4 Qb4+ 63. Kg3 Qb2 64. Rc8+ Kf7 65. Rc7+ Kxf6 66. Rc6+ Ke7 67. Re6+ 0-1

[Event "19th Rochefort Chess Festival - Masters"]
[Site "Rochefort, France"]
[Date "2020.02.23"]
[Round "3.4"]
[White "Stets, Dmitry"]
[Black "Maiorov, Nikita"]
[Result "1/2-1/2"]
[TimeControl "1h30/40 - 30' + [30'']"]
[WhiteElo "2358"]
[BlackElo "2506"]

1. e4 e5 2. Nf3 Nc6 3. d4 exd4 4. Bc4 Bc5 5. c3 Nf6 6. cxd4 Bb4+ 7. Bd2 Bxd2+ 8. Nbxd2 d5 9. exd5 Nxd5 10.
Qb3 Na5 11. Qa4+ Nc6 12. Qb3 Na5 13. Qa4+ Nc6 1/2-1/2

[Event "19th Rochefort Chess Festival - Masters"]
[Site "Rochefort, France"]
[Date "2020.02.23"]
[Round "3.2"]
[White "Van Den Doel, Erik"]
[Black "Colin, Vincent"]
[Result "1-0"]
[TimeControl "1h30/40 - 30' + [30'']"]
[WhiteElo "2583"]
[BlackElo "2359"]

1. d4 Nf6 2. Nf3 g6 3. Nbd2 Bg7 4. e4 d6 5. Bb5+ c6 6. Bd3 Nh5 7. O-O Nf4 8. Bc4 b5 9. Bb3 Qd7 10.
Nb1 Qg4 11. Bxf4 Qxf4 12. g3 Qg4 13. Qd3 O-O 14. Re1 a6 15. Nbd2 e5 16. c3 exd4 17. cxd4 Nd7 18. a4 Bb7 19.
axb5 cxb5 20. Bd1 Qe6 21. h4 Qe7 22. Bb3 Qd8 23. h5 Qb6 24. Qe3 Rae8 25. hxg6 hxg6 26. Qg5 Nf6 27. e5 dxe5 28.
dxe5 Nh7 29. Qf4 Re7 30. Ne4 g5 31. Nexg5 Nxg5 32. Qxg5 Qc6 33. Re3 Rfe8 34. Rae1 Qh6 35. Qf5 Qh7 36.
Qg4 Kf8 37. e6 f5 38. Qh4 Bxb2 39. Qg5 Rg7 40. e7+ Rexe7 41. Rxe7 1-0

[Event "19th Rochefort Chess Festival - Masters"]
[Site "Rochefort, France"]
[Date "2020.02.23"]
[Round "3.3"]
[White "Burmakin, Vladimir"]
[Black "Ivanov, Mikhail M"]
[Result "1-0"]
[TimeControl "1h30/40 - 30' + [30'']"]
[WhiteElo "2514"]
[BlackElo "2353"]

1. Nf3 d5 2. g3 Bg4 3. Bg2 Nd7 4. h3 Bh5 5. c4 e6 6. Qb3 Nc5 7. Qc2 c6 8. d3 Nf6 9. O-O a5 10.
Be3 Ncd7 11. cxd5 exd5 12. Qb3 Qc8 13. Nc3 Bxf3 14. Bxf3 Bd6 15. Rac1 Qb8 16. Bd4 O-O 17. e4 Be5 18.
Bxe5 Nxe5 19. Be2 dxe4 20. dxe4 Qa7 21. Kg2 a4 22. Qc2 Ned7 23. f4 Nb6 24. Rfd1 Rfe8 25. Rd2 Re7 26. Rcd1 Rae8 27.
Rd8 Qa5 28. R1d4 g6 29. Rxe8+ Rxe8 30. Bf3 a3 31. b4 Qa7 32. Qd3 Na4 33. e5 Nxc3 34. Qxc3 Nd5 35. Bxd5 cxd5 36. Rxd5 b6 37.
Qc6 Qb8 38. Rd7 Qc8 39. b5 Qa8 40. Kf3 Qa5 41. Qc4 Re6 42. Rd8+ Kg7 43. Qc8 Kh6 44. Rg8 Qb4 45. Qf8+ Qxf8 46.
Rxf8 Re7 47. Ra8 1-0




[ePGN "0.1;DGT LiveChess/2.2.5"]

[Event "19th Rochefort Chess Festival - Masters"]
[Site "Rochefort, France"]
[Date "2020.02.24"]
[Round "4.1"]
[White "Gareyev, Timur"]
[Black "Burmakin, Vladimir"]
[Result "1-0"]
[TimeControl "1h30/40 - 30' + [30'']"]
[WhiteElo "2607"]
[BlackElo "2514"]

1. d4 Nf6 2. c4 c6 3. Bf4 Qb6 4. Qd2 d5 5. Nc3 Bf5 6. f3 e6 7. g4 Bg6 8. h4 h6 9. e3 Nbd7 10.
c5 Qd8 11. Nh3 Ng8 12. O-O-O Qa5 13. h5 Bh7 14. g5 O-O-O 15. Bh2 Bf5 16. g6 fxg6 17. Nf4 g5 18. Ng6 Bxg6 19. hxg6 b6 20.
Nxd5 Qxd2+ 21. Rxd2 Nxc5 22. Nc7 Bd6 23. Bxd6 Rxd6 24. Ne8 Nb7 25. Nxd6+ Nxd6 26. Bh3 Kd7 27. e4 Ne7 28. d5 cxd5 29.
exd5 Nxg6 30. Rc2 Nf4 31. dxe6+ Ke7 32. Rc7+ Kf6 33. Rd7 Nxh3 34. Rxd6 Nf4 35. Re1 Re8 36. e7+ Kf7 37. Rd7 a5 38.
Re5 Ng6 39. Rb5 Nxe7 40. Rxb6 h5 41. Kd2 h4 42. Ke2 Rc8 43. Rbb7 Re8 44. Kf2 Ke6 45. Rd4 Ng6 46. Rb5 Rc8 47.
Rxg5 Rc2+ 48. Kg1 Kf6 49. Rg2 Rc1+ 50. Kh2 Ke5 51. Ra4 Nf4 52. Rxa5+ Kf6 53. Ra6+ Kf5 54. Ra5+ Kf6 55. Rd2 g5 56.
Ra6+ Kf5 57. Ra5+ Kf6 58. Rb5 Rf1 59. Rb3 Ng6 60. Kg2 Re1 61. Rb6+ Kf5 62. Rb5+ Kf6 63. Rd6+ Kf7 64. Rf5+ 1-0

[Event "19th Rochefort Chess Festival - Masters"]
[Site "Rochefort, France"]
[Date "2020.02.24"]
[Round "4.2"]
[White "Duboue, Peio"]
[Black "Van Den Doel, Erik"]
[Result "0-1"]
[TimeControl "1h30/40 - 30' + [30'']"]
[WhiteElo "2421"]
[BlackElo "2583"]

1. e4 e6 2. d4 d5 3. Nc3 Bb4 4. exd5 exd5 5. Bd3 c6 6. Nf3 Bg4 7. h3 Bh5 8. O-O Ne7 9. Re1 Nd7 10.
Bf4 Nf8 11. Bf1 Ne6 12. Be5 O-O 13. g4 Bg6 14. Bg3 Be4 15. Nd2 f5 16. f3 Nxd4 17. fxe4 fxe4 18. Bg2 Ng6 19. Rf1 Bd6 20.
Rxf8+ Qxf8 21. Nf1 Bxg3 22. Nxg3 Qc5 23. Kh1 Rf8 24. Qg1 Qd6 25. Qxd4 Qxg3 26. Ne2 Qf2 27. Qxf2 Rxf2 28. Bf1 Nh4 29.
Nd4 c5 30. Nf5 Nxf5 31. gxf5 Rxc2 32. b4 c4 33. Rd1 e3 34. Rxd5 e2 35. Bxe2 Rxe2 36. Rc5 b5 37. a3 a6 38.
Kg1 Ra2 39. Rc8+ Kf7 40. Rc7+ Kf6 41. Rc6+ Kxf5 42. Rxa6 c3 0-1

[Event "19th Rochefort Chess Festival - Masters"]
[Site "Rochefort, France"]
[Date "2020.02.24"]
[Round "4.3"]
[White "Vorobiov, Evgeny E."]
[Black "Jolly, Jean-Francois"]
[Result "1/2-1/2"]
[TimeControl "1h30/40 - 30' + [30'']"]
[WhiteElo "2520"]
[BlackElo "2386"]

1. c4 Nf6 2. Nc3 e5 3. Nf3 Nc6 4. e3 Be7 5. Qb3 O-O 6. Be2 d6 7. O-O Nd7 8. Qc2 Nb6 9. a3 Be6 10.
d3 f5 11. b4 Bf6 12. Bb2 Kh8 13. Nd2 g5 14. Rac1 g4 15. Rfe1 Bg7 16. Bf1 Qg5 17. Nb5 Rac8 18. d4 a6 19.
d5 axb5 20. dxe6 bxc4 21. Nxc4 Nd5 22. b5 Nce7 23. b6 cxb6 24. Qb3 Rc6 25. Rcd1 Qf6 26. Rd2 Qxe6 27. Red1 Rd8 28. a4 Nc7 29.
Ba3 d5 30. a5 Ra8 31. Bxe7 Qxe7 32. Nxb6 Rxa5 33. Nxd5 Nxd5 34. Rxd5 Rxd5 35. Qxd5 Rc8 36. g3 Bf6 37. Rb1 Rc7 38.
Bc4 Qd8 39. Qe6 Rc6 40. Qf7 Rc7 41. Qe6 Rc6 42. Qf7 Rc7 1/2-1/2

[Event "19th Rochefort Chess Festival - Masters"]
[Site "Rochefort, France"]
[Date "2020.02.24"]
[Round "4.5"]
[White "Suarez Uriel, Adrian"]
[Black "Korneev, Oleg"]
[Result "0-1"]
[TimeControl "1h30/40 - 30' + [30'']"]
[WhiteElo "2371"]
[BlackElo "2505"]

1. e4 c5 2. Nf3 Nc6 3. Nc3 e6 4. d4 cxd4 5. Nxd4 Qc7 6. Be3 a6 7. Qf3 Bd6 8. O-O-O Be5 9. g3 Nge7 10.
Qg4 O-O 11. f4 Bxd4 12. Bxd4 Nxd4 13. Rxd4 d5 14. e5 b5 15. h4 Nf5 16. Rd2 b4 17. Nb1 a5 18. h5 h6 19. Bd3 a4 20.
Bxf5 exf5 21. Qf3 Be6 22. a3 Rab8 23. Rd4 bxa3 24. Qxa3 Rb3 25. Qd6 Qa7 26. Rhd1 Rxg3 27. Qb4 Ra8 28.
Qe1 a3 29. Nxa3 Rxa3 30. bxa3 Qxa3+ 31. Kd2 Rc8 32. Qg1 Qf3 33. Qh2 Qc3+ 34. Ke2 Qxc2+ 35. R1d2 Qb1 36. Kf2 Rc1 37. Qg2 Rh1 38.
Re2 Rxh5 39. Qg1 Qb6 40. Kg3 Kh7 41. Qe3 Rh1 42. Rd3 Qb1 43. Rg2 h5 44. Qe2 h4+ 45. Kf2 g6 46. Rg5 Kg7 47. Rd2 Rh2+ 48. Rg2 Qb6+ 0-1

[Event "19th Rochefort Chess Festival - Masters"]
[Site "Rochefort, France"]
[Date "2020.02.24"]
[Round "4.4"]
[White "Maiorov, Nikita"]
[Black "Besson, Bastien"]
[Result "1-0"]
[TimeControl "1h30/40 - 30' + [30'']"]
[WhiteElo "2506"]
[BlackElo "2181"]

1. d4 d6 2. c4 g6 3. Nf3 Bg7 4. Nc3 Nd7 5. g3 Ngf6 6. Bg2 O-O 7. O-O e5 8. e4 a6 9. Qc2 exd4 10.
Nxd4 Re8 11. Rd1 Rb8 12. a4 Ne5 13. Qe2 c5 14. Nc2 Bg4 15. f3 Be6 16. b3 Nc6 17. Rb1 Nd7 18. Qe1 Qe7 19.
Be3 Nde5 20. Nd5 Qf8 21. Qd2 Red8 22. Kh1 h5 23. f4 Ng4 24. Bg1 h4 25. gxh4 Bxd5 26. cxd5 Nd4 27. h3 Nf6 28.
Nxd4 cxd4 29. Bf3 Qe7 30. Qg2 Kh7 31. Rxd4 Nh5 32. Bxh5 gxh5 33. Rd3 Bh6 34. e5 Qxh4 35. Qe4+ Kh8 36.
e6 Bg7 37. Qf3 fxe6 38. dxe6 Rf8 39. f5 Rbe8 40. Re3 Qg5 41. Rf1 Be5 42. Re4 Re7 43. Rxe5 dxe5 44. Bc5 Ree8 45. Bxf8 Rxf8 46.
f6 1-0



[ePGN "0.1;DGT LiveChess/2.2.5"]

[Event "19th Rochefort Chess Festival - Masters"]
[Site "Rochefort, France"]
[Date "2020.02.25"]
[Round "5.2"]
[White "Korneev, Oleg"]
[Black "Maiorov, Nikita"]
[Result "1/2-1/2"]
[TimeControl "1h30/40 - 30' + [30'']"]
[WhiteElo "2505"]
[BlackElo "2506"]

1. e4 e5 2. Nf3 Nc6 3. Bb5 a6 4. Ba4 Nf6 5. O-O Be7 6. Re1 b5 7. Bb3 d6 8. c3 O-O 9. d4 Bg4 10.
Be3 exd4 11. cxd4 Na5 12. Bc2 Nc4 13. Bc1 c5 14. b3 Nb6 15. Nbd2 Rc8 16. h3 Bh5 17. Bb2 Nfd7 18. a4 bxa4 19.
bxa4 cxd4 20. g4 Bg6 21. a5 Nd5 22. exd5 Bxc2 23. Qe2 Bf6 24. Bxd4 Nc5 25. Ra3 1/2-1/2

[Event "19th Rochefort Chess Festival - Masters"]
[Site "Rochefort, France"]
[Date "2020.02.25"]
[Round "5.5"]
[White "Jeet, Jain"]
[Black "Martin Duque, Jesus"]
[Result "1-0"]
[TimeControl "1h30/40 - 30' + [30'']"]
[WhiteElo "2223"]
[BlackElo "2446"]

1. e4 e5 2. Nf3 Nc6 3. Bc4 Nf6 4.
d3 h6 5.
O-O d6 6. c3 g5 7. Re1 g4 8. Nfd2 h5 9. Nf1 h4 10. d4 Rh5 11. Na3 Qe7 12. d5 Nb8 13. Bd3 Nbd7 14. Qa4 Kd8 15.
b4 Bh6 16. Nc2 Nf8 17. Nce3 N8h7 18. Nf5 Bxf5 19. exf5 Bxc1 20. Raxc1 Ng5 21. Be2 Rh8 22. Qd1 a5 23. a3 axb4 24. axb4 g3 25. fxg3 hxg3 26. Nxg3 Qf8 27.
Qd3 Qh6 28. Nf1 Rg8 29. Ng3 Rh8 30. Nf1 Ke7 31. Qc4 Rac8 32. Ra1 Nh3+ 33. Kh1 Nf2+ 34. Kg1 Nh3+ 35. Kh1 Nf4 36. Bf3 Qg5 37.
Ra7 Ng4 38. Bxg4 Qxg4 39. Ra2 Qxf5 40.
Rf2 Rh4 41. g3 Qd3 42. Qa2 Rg4 43. Rxf4 Rxf4 44. gxf4 Qxc3 45. Qe2 f6 46. fxe5 dxe5 47. Qe4 Ra8 48. Ng3 Kd6 49. Re2 Ra1+ 50.
Kg2 Qc1 51. Qf3 Qg1+ 52. Kh3 Ke7 53. Rf2 Ra6 54. d6+ 1-0

[Event "19th Rochefort Chess Festival - Masters"]
[Site "Rochefort, France"]
[Date "2020.02.25"]
[Round "5.1"]
[White "Van Den Doel, Erik"]
[Black "Gareyev, Timur"]
[Result "1-0"]
[TimeControl "1h30/40 - 30' + [30'']"]
[WhiteElo "2583"]
[BlackElo "2607"]

1. e4 e5 2. Nf3 Nc6 3. Nc3 Nf6 4. d4 exd4 5. Nxd4 Bc5 6. Be3 Bb6 7. Qd2 O-O 8. O-O-O d6 9. f3 Be6 10.
g4 Nd7 11. h4 Nde5 12. Be2 Nxd4 13. Bxd4 Nc6 14. Bxb6 axb6 15. a3 Ra5 16. f4 f6 17. g5 f5 18. exf5 Bxf5 19. Bc4+ Kh8 20.
h5 Qd7 21. h6 Rd8 22. Rde1 b5 23. Bxb5 Qf7 24. Qe3 Rf8 25. Bxc6 bxc6 26. Qe7 Raa8 27. hxg7+ Kxg7 28. Rh6 Bg6 29.
f5 Bxf5 30. Rf6 Qxe7 31. Rxe7+ Kg8 32. Rxf8+ Rxf8 33. Rxc7 Rc8 34. Rxc8+ Bxc8 35. Kd2 Kf7 36. Ke3 Bf5 37. a4 Ke6 38. a5 Kd7 39. Ne4 Kc7 40. c3 c5 41. b4 cxb4 1-0

[Event "19th Rochefort Chess Festival - Masters"]
[Site "Rochefort, France"]
[Date "2020.02.25"]
[Round "5.3"]
[White "Vorobiov, Evgeny E."]
[Black "Prie, Eric"]
[Result "1/2-1/2"]
[TimeControl "1h30/40 - 30' + [30'']"]
[WhiteElo "2520"]
[BlackElo "2423"]

1. e4 d5 2. exd5 Qxd5 3. Nc3 Qa5 4. d4 Nf6 5. Nf3 Bf5 6. Bd2 e6 7. Ne5 Qb6 8. Qf3 c6 9. O-O-O Nbd7 10.
Nc4 Qd8 11. h3 Nb6 12. g4 Bg6 13. Ne5 Bb4 14. Nxg6 1/2-1/2

[Event "19th Rochefort Chess Festival - Masters"]
[Site "Rochefort, France"]
[Date "2020.02.25"]
[Round "5.4"]
[White "Burmakin, Vladimir"]
[Black "Le Goff, Ronan"]
[Result "1-0"]
[TimeControl "1h30/40 - 30' + [30'']"]
[WhiteElo "2514"]
[BlackElo "2281"]

1. Nf3 d5 2. g3 Nd7 3. d4 Nb6 4. Nbd2 Bf5 5. Nh4 e6 6. Nxf5 exf5 7. Bg2 c6 8. O-O Nf6 9. c3 g6 10.
f3 Bg7 11. e4 fxe4 12. fxe4 dxe4 13. Nxe4 Nxe4 14. Bxe4 O-O 15. Bg2 Qd7 16. Bf4 Rfe8 17. Qf3 Nd5 18. Bd2 f5 19. Rae1 Nf6 20.
Qd3 Qf7 21. b3 Rxe1 22. Rxe1 Re8 23. Rxe8+ Qxe8 24. Qc4+ Kh8 25. Bf3 h5 26. Qd3 Kh7 27. Qe3 Qd7 28. Kg2 a6 29. h3 Nd5 30.
Qe2 Qd6 31. c4 Nf6 32. Be3 Ne4 33. Bxe4 fxe4 34. Qf2 Qd7 35. g4 Kg8 36. gxh5 gxh5 37. Kg3 Qe6 38. Qf4 b5 39. cxb5 cxb5 40.
Qg5 Qf7 41. Bf4 Kh7 42. d5 Qg6 43. d6 Bf6 44. Qxg6+ Kxg6 45. d7 h4+ 46. Kg4 Bd8 47. Be3 a5 48. Bf2 Kf7 49. Bxh4 Bxh4 50.
Kxh4 Ke7 51. Kg4 1-0




[ePGN "0.1;DGT LiveChess/2.2.5"]

[Event "19th Rochefort Chess Festival - Masters"]
[Site "Rochefort, France"]
[Date "2020.02.25"]
[Round "6.2"]
[White "Gareyev, Timur"]
[Black "Bogdanov, Egor"]
[Result "1-0"]
[TimeControl "1h30/40 - 30' + [30'']"]
[WhiteElo "2607"]
[BlackElo "2433"]

1. d4 Nf6 2. c4 g6 3.
Nc3 Bg7 4. e4 O-O 5. Bg5 d6 6. Qd2 c5 7. d5 e6 8. Bd3 exd5 9. cxd5 a6 10. a4 Qc7 11. Nge2 Nbd7 12. b3 c4 13.
bxc4 Ne5 14. O-O Nfd7 15. f4 Nxc4 16. Bxc4 Qxc4 17. f5 Be5 18. Be7 Re8 19. f6 Kh8 20. Qh6 Rg8 21. Rf3 Nc5 22.
Bf8 Bxf6 23. Rxf6 Be6 24. Bxd6 Nd7 25. Raf1 Rg7 26. dxe6 Nxf6 27. Be5 1-0